3165 views
Uploaded 2020-02-08 20:17:49
Game version 1.32 / 1.32.1
60:16 long 1on1on1on1 ladder game on (6)SilverpineForest
Saved by byung
3165 views
Uploaded 2020-02-08 20:17:49
Game version 1.32 / 1.32.1
60:16 long 1on1on1on1 ladder game on (6)SilverpineForest

75 units @ 12.5k
/ 2.2k
52 buildings @ 8.7k
/ 4.8k



| Lesser Clarity Potion | 7 | 490 |
| Healing Salve | 9 | 900 |
| Scroll of Speed | 2 | 100 |
| Orb of Lightning | 4 | 1500 |
| Potion of Mana | 1 | 200 |
| Dust of Appearance | 2 | 150 |
| Scroll of Healing | 2 | 500 |
| Scroll of Town Portal | 1 | 350 |
| Potion of Lesser Invulnerability | 2 | 300 |
| Scroll of Protection | 1 | 150 |
| Potion of Invulnerability | 1 | 400 |
| total: | 32 | 5040g |
| Peon | 31 | 2325 | / | 0 |
| Grunt | 4 | 800 | / | 0 |
| Kodo Beast | 2 | 510 | / | 120 |
| Shaman | 5 | 650 | / | 100 |
| Tauren | 15 | 4200 | / | 1200 |
| Wind Rider | 6 | 1590 | / | 240 |
| Spirit Walker | 5 | 975 | / | 175 |
| Troll Witch Doctor | 4 | 580 | / | 100 |
| Troll Batrider | 1 | 160 | / | 40 |
| Goblin Shredder | 2 | 750 | / | 200 |
| total: | 75 | 12540g | / | 2175w |
| Watch Tower | 21 | 2310 | / | 1680 |
| Altar of Storms | 1 | 180 | / | 50 |
| Orc Burrow | 8 | 1280 | / | 320 |
| Barracks | 1 | 180 | / | 50 |
| Voodoo Lounge | 4 | 520 | / | 120 |
| War Mill | 1 | 205 | / | 0 |
| Great Hall | 7 | 2695 | / | 1295 |
| Spirit Lodge | 3 | 450 | / | 450 |
| Beastiary | 4 | 580 | / | 560 |
| Tauren Totem | 2 | 270 | / | 310 |
| Stronghold | 1 | 315 | / | 190 |
| Fortress | 1 | 325 | / | 190 |
| total: | 52 | 8670g | / | 4835w |
| 0:02 | Peon |
| 0:03 | Peon |
| 0:05 | Altar of Storms |
| 0:09 | Orc Burrow |
| 0:30 | Barracks |
| 0:40 | Peon |
| 0:49 | Peon |
| 1:03 | Peon |
| 1:26 | Voodoo Lounge |
| 1:31 | Peon |
| 1:33 | Grunt |
| 1:34 | Grunt |
| 1:43 | Peon |
| 1:51 | Peon |
| 1:59 | Peon |
| 2:10 | Mirror Image |
| 2:10 | Mirror Image |
| 2:40 | Stronghold |
| 2:49 | Orc Burrow |
| 2:58 | Orc Burrow |
| 3:33 | War Mill |
| 3:36 | Critical Strike |
| 3:47 | Grunt |
| 3:50 | Lesser Clarity Potion |
| 3:53 | Healing Salve |
| 3:53 | Scroll of Speed |
| 4:19 | Grunt |
| 4:47 | Great Hall |
| 6:10 | Fortress |
| 6:17 | Spirit Lodge |
| 6:25 | Critical Strike |
| 6:35 | Healing Wave |
| 6:37 | Healing Salve |
| 6:37 | Healing Salve |
| 6:38 | Scroll of Speed |
| 7:29 | Beastiary |
| 7:44 | Peon |
| 7:44 | Peon |
| 7:44 | Peon |
| 7:46 | Peon |
| 8:09 | Goblin Shredder |
| 8:09 | Goblin Shredder |
| 8:28 | Shaman Adept Training |
| 8:54 | Orc Burrow |
| 8:56 | Orc Burrow |
| 8:59 | Reinforced Defenses |
| 9:14 | Kodo Beast |
| 9:19 | Tauren Totem |
| 9:40 | Healing Salve |
| 9:40 | Healing Salve |
| 9:41 | Orb of Lightning |
| 9:50 | Hex |
| 10:15 | War Stomp |
| 10:37 | War Drums Damage Increase |
| 10:39 | Shaman Master Training |
| 10:40 | Shaman |
| 10:41 | Tauren |
| 10:45 | Orc Burrow |
| 10:47 | Tauren Totem |
| 11:03 | Steel Armor |
| 11:10 | Beastiary |
| 11:44 | Tauren |
| 11:52 | Shaman |
| 12:04 | Wind Walk |
| 12:08 | Endurance Aura |
| 12:16 | Spirit Lodge |
| 12:25 | Peon |
| 12:25 | Peon |
| 12:25 | Peon |
| 12:32 | Tauren |
| 12:37 | Wind Rider |
| 12:48 | Peon |
| 12:50 | Watch Tower |
| 12:58 | Healing Salve |
| 12:58 | Healing Salve |
| 13:04 | Lesser Clarity Potion |
| 13:04 | Lesser Clarity Potion |
| 13:22 | Peon |
| 13:23 | Peon |
| 13:49 | Spirit Walker |
| 14:11 | Beastiary |
| 14:35 | Healing Wave |
| 14:50 | Beastiary |
| 15:12 | Peon |
| 15:12 | Peon |
| 15:12 | Peon |
| 15:19 | Peon |
| 15:19 | Peon |
| 15:19 | Peon |
| 15:35 | Spirit Walker Adept Training |
| 15:37 | Pulverize |
| 16:14 | War Stomp |
| 16:43 | Tauren |
| 16:58 | Tauren |
| 17:19 | Voodoo Lounge |
| 17:38 | Great Hall |
| 17:41 | Watch Tower |
| 17:44 | Thorium Armor |
| 17:47 | Peon |
| 17:49 | Watch Tower |
| 17:51 | Watch Tower |
| 17:52 | Watch Tower |
| 17:54 | Watch Tower |
| 17:55 | Watch Tower |
| 18:45 | Hex |
| 18:47 | Critical Strike |
| 18:48 | Critical Strike |
| 19:44 | Tauren |
| 19:47 | Troll Witch Doctor |
| 19:47 | Witch Doctor Adept Training |
| 20:07 | Voodoo Lounge |
| 20:14 | Spirit Lodge |
| 20:32 | Spirit Walker Master Training |
| 20:44 | Spirit Walker |
| 20:51 | Orc Burrow |
| 21:08 | Orc Burrow |
| 21:19 | Potion of Invulnerability |
| 21:45 | Endurance Aura |
| 21:45 | Endurance Aura |
| 23:40 | Tauren |
| 23:51 | Shaman |
| 23:54 | Wind Rider |
| 24:05 | Healing Salve |
| 24:17 | Lesser Clarity Potion |
| 24:43 | Tauren |
| 25:16 | Tauren |
| 25:23 | Troll Witch Doctor |
| 25:32 | Lesser Clarity Potion |
| 25:45 | Potion of Mana |
| 25:53 | Healing Salve |
| 26:14 | Kodo Beast |
| 26:35 | Spirit Walker |
| 27:04 | Tauren |
| 27:16 | Dust of Appearance |
| 27:25 | Potion of Lesser Invulnerability |
| 27:35 | Scroll of Healing |
| 27:46 | Scroll of Protection |
| 28:08 | Steel Melee Weapons |
| 28:22 | Spirit Walker |
| 28:40 | Witch Doctor Master Training |
| 28:43 | Troll Witch Doctor |
| 29:31 | Scroll of Town Portal |
| 30:07 | Orb of Lightning |
| 30:07 | Orb of Lightning |
| 31:33 | Bladestorm |
| 31:41 | Great Hall |
| 31:43 | Watch Tower |
| 31:51 | Tauren |
| 32:01 | Thorium Melee Weapons |
| 32:19 | Scroll of Healing |
| 32:24 | Healing Wave |
| 32:54 | Great Hall |
| 33:27 | Watch Tower |
| 34:22 | Endurance Aura |
| 34:32 | Watch Tower |
| 34:37 | Wind Rider |
| 35:16 | Envenomed Spears |
| 35:55 | Peon |
| 35:55 | Peon |
| 35:55 | Peon |
| 35:56 | Peon |
| 36:22 | Great Hall |
| 37:42 | Wind Rider |
| 38:05 | Tauren |
| 38:10 | Peon |
| 39:18 | Wind Rider |
| 39:53 | Troll Batrider |
| 40:17 | Mirror Image |
| 40:19 | Big Bad Voodoo |
| 40:31 | Liquid Fire |
| 40:36 | Tauren |
| 41:03 | Great Hall |
| 41:08 | Watch Tower |
| 42:11 | Watch Tower |
| 42:12 | Watch Tower |
| 42:13 | Watch Tower |
| 42:15 | Watch Tower |
| 42:17 | Watch Tower |
| 42:44 | Watch Tower |
| 43:25 | Wind Rider |
| 43:30 | Reincarnation |
| 43:37 | Voodoo Lounge |
| 43:55 | Lesser Clarity Potion |
| 44:44 | Shaman |
| 45:11 | Tauren |
| 45:54 | Shaman |
| 46:07 | Lesser Clarity Potion |
| 46:09 | Orb of Lightning |
| 46:15 | Watch Tower |
| 46:27 | Dust of Appearance |
| 46:31 | Potion of Lesser Invulnerability |
| 46:45 | Steel Ranged Weapons |
| 47:00 | Tauren |
| 47:06 | Troll Witch Doctor |
| 47:45 | Spirit Walker |
| 48:25 | Great Hall |
| 49:15 | Watch Tower |
| 49:16 | Watch Tower |
| 49:27 | Watch Tower |
| 50:28 | Serpent Ward |
| Select | 1517 |
| Right click | 1138 |
| Select group | 1007 |
| Misc. action | 834 |
| Build/train/purchase | 297 |
| Assign group | 111 |
| Use ability | 107 |
| Chat | 10 |
| Item give/drop | 6 |
| Remove unit | 6 |
| Esc | 1 |
85 units @ 10.1k
/ 1.4k
32 buildings @ 6.4k
/ 2.9k



| Orb of Venom | 1 | 325 |
| Staff of Preservation | 1 | 150 |
| Scroll of Town Portal | 5 | 1750 |
| Boots of Speed | 1 | 250 |
| Staff of Teleportation | 1 | 150 |
| Potion of Lesser Invulnerability | 1 | 150 |
| total: | 10 | 2775g |
| Wisp | 42 | 2520 | / | 0 |
| Archer | 5 | 650 | / | 50 |
| Druid of the Talon | 31 | 4495 | / | 620 |
| Mountain Giant | 7 | 2450 | / | 700 |
| total: | 85 | 10115g | / | 1370w |
| Ancient of War | 1 | 150 | / | 60 |
| Moon Well | 15 | 2700 | / | 600 |
| Altar of Elders | 1 | 180 | / | 50 |
| Ancient of Wonders | 1 | 90 | / | 30 |
| Tree of Life | 6 | 2040 | / | 1110 |
| Hunter's Hall | 1 | 210 | / | 100 |
| Ancient of Wind | 5 | 750 | / | 700 |
| Ancient of Lore | 2 | 310 | / | 290 |
| Tree of Ages | 1 | 320 | / | 180 |
| Tree of Eternity | 1 | 330 | / | 200 |
| total: | 32 | 6430g | / | 2940w |
| 0:01 | Wisp |
| 0:09 | Ancient of War |
| 0:15 | Wisp |
| 0:18 | Moon Well |
| 0:21 | Altar of Elders |
| 0:28 | Wisp |
| 0:28 | Wisp |
| 0:47 | Wisp |
| 0:47 | Wisp |
| 0:47 | Wisp |
| 1:10 | Wisp |
| 1:11 | Archer |
| 1:35 | Moon Well |
| 1:39 | Archer |
| 1:42 | Wisp |
| 2:00 | Archer |
| 2:18 | Archer |
| 2:41 | Archer |
| 2:47 | Pocket Factory |
| 2:53 | Tree of Ages |
| 3:49 | Ancient of Wonders |
| 3:53 | Moon Well |
| 4:03 | Engineering Upgrade |
| 4:27 | Boots of Speed |
| 4:28 | Staff of Teleportation |
| 5:18 | Tree of Eternity |
| 5:19 | Ancient of Wind |
| 5:21 | Ancient of Wind |
| 5:32 | Pocket Factory |
| 6:34 | Moon Well |
| 6:36 | Moon Well |
| 6:38 | Druid of the Talon Adept Training |
| 6:40 | Druid of the Talon |
| 6:40 | Druid of the Talon |
| 7:24 | Druid of the Talon |
| 7:24 | Druid of the Talon |
| 7:27 | Engineering Upgrade |
| 7:45 | Druid of the Talon Master Training |
| 7:46 | Wisp |
| 7:47 | Wisp |
| 7:59 | Druid of the Talon |
| 8:33 | Druid of the Talon |
| 8:33 | Druid of the Talon |
| 9:12 | Druid of the Talon |
| 9:12 | Druid of the Talon |
| 9:46 | Tree of Life |
| 9:48 | Druid of the Talon |
| 9:48 | Druid of the Talon |
| 9:51 | Wisp |
| 9:51 | Wisp |
| 9:54 | Hunter's Hall |
| 10:23 | Mark of the Talon |
| 11:17 | Orb of Venom |
| 11:18 | Staff of Preservation |
| 11:23 | Ancient of Lore |
| 11:29 | Moon Well |
| 11:39 | Pocket Factory |
| 12:19 | Wisp |
| 12:19 | Wisp |
| 12:21 | Ancient of Lore |
| 12:24 | Moon Well |
| 12:28 | Moon Well |
| 12:36 | Moon Well |
| 12:55 | Wisp |
| 12:55 | Wisp |
| 12:56 | Wisp |
| 13:09 | Wisp |
| 13:09 | Wisp |
| 13:24 | Resistant Skin |
| 13:56 | Scroll of Town Portal |
| 14:02 | Hardened Skin |
| 14:05 | Wisp |
| 14:05 | Wisp |
| 14:06 | Wisp |
| 14:09 | Wisp |
| 14:09 | Wisp |
| 14:09 | Wisp |
| 14:15 | Druid of the Talon |
| 14:20 | Druid of the Talon |
| 14:20 | Druid of the Talon |
| 14:52 | Druid of the Talon |
| 14:53 | Mountain Giant |
| 14:54 | Mountain Giant |
| 15:07 | Tree of Life |
| 15:23 | Ultravision |
| 15:26 | Wisp |
| 16:08 | Potion of Lesser Invulnerability |
| 17:02 | Scroll of Town Portal |
| 17:17 | Wisp |
| 17:17 | Wisp |
| 17:17 | Wisp |
| 17:18 | Wisp |
| 17:18 | Wisp |
| 17:20 | Mountain Giant |
| 17:23 | Druid of the Talon |
| 17:23 | Druid of the Talon |
| 17:31 | Well Spring |
| 17:31 | Reinforced Hides |
| 17:32 | Strength of the Wild |
| 19:14 | Mountain Giant |
| 19:15 | Mountain Giant |
| 20:30 | Druid of the Talon |
| 20:32 | Improved Reinforced Hides |
| 20:57 | Wisp |
| 21:45 | Nature's Blessing |
| 21:55 | Druid of the Talon |
| 21:56 | Druid of the Talon |
| 22:42 | Robo-Goblin |
| 23:48 | Scroll of Town Portal |
| 24:04 | Engineering Upgrade |
| 24:24 | Tree of Life |
| 24:28 | Advanced Reinforced Hides |
| 24:30 | Improved Strength of the Wild |
| 27:14 | Druid of the Talon |
| 27:16 | Ancient of Wind |
| 27:20 | Ancient of Wind |
| 27:24 | Ancient of Wind |
| 28:35 | Wisp |
| 28:47 | Silence |
| 28:48 | Healing Spray |
| 30:03 | Advanced Strength of the Wild |
| 31:13 | Life Drain |
| 33:27 | Scroll of Town Portal |
| 34:11 | Tree of Life |
| 34:46 | Cluster Rockets |
| 34:48 | Acid Bomb |
| 38:01 | Druid of the Talon |
| 39:08 | Scroll of Town Portal |
| 39:42 | Wisp |
| 39:47 | Tree of Life |
| 41:50 | Life Drain |
| 42:15 | Druid of the Talon |
| 42:19 | Wisp |
| 42:20 | Wisp |
| 42:20 | Wisp |
| 42:20 | Wisp |
| 42:20 | Wisp |
| 42:53 | Druid of the Talon |
| 42:55 | Druid of the Talon |
| 42:58 | Druid of the Talon |
| 44:57 | Silence |
| 49:14 | Moon Well |
| 50:55 | Life Drain |
| 52:01 | Druid of the Talon |
| 52:02 | Druid of the Talon |
| 52:11 | Druid of the Talon |
| 52:35 | Druid of the Talon |
| 53:07 | Mountain Giant |
| 53:08 | Druid of the Talon |
| 53:23 | Moon Well |
| 53:27 | Moon Well |
| 54:32 | Mountain Giant |
| 54:34 | Moon Well |
| 56:15 | Wisp |
| 56:16 | Wisp |
| 56:27 | Healing Spray |
| 57:50 | Moon Well |
| 57:54 | Moon Well |
| 58:56 | Tree of Life |
| 59:30 | Charm |
| Right click | 1381 |
| Select group | 1291 |
| Select | 733 |
| Build/train/purchase | 196 |
| Use ability | 135 |
| Assign group | 130 |
| Misc. action | 83 |
| Chat | 44 |
| Item give/drop | 8 |
| Remove unit | 5 |
183 units @ 16.4k
/ 1.5k
133 buildings @ 21k
/ 12.1k

| Potion of Healing | 6 | 900 |
| Potion of Mana | 3 | 600 |
| Orb of Venom | 2 | 650 |
| Boots of Speed | 1 | 250 |
| Staff of Teleportation | 1 | 150 |
| total: | 13 | 2550g |
| Wisp | 147 | 8820 | / | 0 |
| Archer | 4 | 520 | / | 40 |
| Hippogryph | 15 | 2400 | / | 300 |
| Chimaera | 12 | 3960 | / | 840 |
| Dryad | 5 | 725 | / | 300 |
| total: | 183 | 16425g | / | 1480w |
| Ancient Protector | 105 | 14175 | / | 8400 |
| Altar of Elders | 1 | 180 | / | 50 |
| Moon Well | 5 | 900 | / | 200 |
| Ancient of War | 1 | 150 | / | 60 |
| Tree of Life | 13 | 4420 | / | 2405 |
| Hunter's Hall | 1 | 210 | / | 100 |
| Ancient of Wonders | 2 | 180 | / | 60 |
| Ancient of Wind | 1 | 150 | / | 140 |
| Ancient of Lore | 2 | 310 | / | 290 |
| Chimaera Roost | 2 | 280 | / | 380 |
| Tree of Ages | 1 | 320 | / | 180 |
| Tree of Eternity | 1 | 330 | / | 200 |
| total: | 133 | 20955g | / | 12085w |
| 0:05 | Altar of Elders |
| 0:07 | Moon Well |
| 0:07 | Wisp |
| 0:21 | Wisp |
| 0:36 | Wisp |
| 0:55 | Ancient of War |
| 1:00 | Wisp |
| 1:15 | Wisp |
| 1:24 | Wisp |
| 1:32 | Wisp |
| 1:47 | Moon Well |
| 1:57 | Archer |
| 1:59 | Wisp |
| 2:22 | Pocket Factory |
| 2:51 | Wisp |
| 2:51 | Wisp |
| 3:22 | Tree of Ages |
| 3:42 | Archer |
| 4:05 | Archer |
| 4:19 | Moon Well |
| 4:27 | Engineering Upgrade |
| 5:01 | Tree of Life |
| 5:09 | Archer |
| 5:16 | Hunter's Hall |
| 5:47 | Wisp |
| 5:47 | Wisp |
| 6:02 | Boots of Speed |
| 6:07 | Staff of Teleportation |
| 6:10 | Pocket Factory |
| 6:17 | Tree of Eternity |
| 6:19 | Moon Well |
| 6:32 | Moon Well |
| 7:11 | Ancient Protector |
| 7:15 | Ancient Protector |
| 7:24 | Ancient Protector |
| 7:29 | Ancient Protector |
| 7:30 | Wisp |
| 7:30 | Wisp |
| 7:30 | Wisp |
| 7:31 | Wisp |
| 7:31 | Wisp |
| 8:40 | Wisp |
| 8:41 | Wisp |
| 8:41 | Wisp |
| 8:47 | Ancient Protector |
| 8:50 | Wisp |
| 8:58 | Ancient of Wonders |
| 9:02 | Engineering Upgrade |
| 9:20 | Tree of Life |
| 9:31 | Wisp |
| 9:34 | Chimaera Roost |
| 9:39 | Chimaera Roost |
| 9:58 | Wisp |
| 9:58 | Wisp |
| 10:02 | Ancient Protector |
| 10:07 | Wisp |
| 10:07 | Wisp |
| 10:20 | Ancient Protector |
| 10:20 | Wisp |
| 10:26 | Wisp |
| 10:32 | Ancient Protector |
| 10:38 | Wisp |
| 10:50 | Ancient Protector |
| 11:03 | Corrosive Breath |
| 11:04 | Wisp |
| 11:49 | Ancient of Wind |
| 11:51 | Ancient Protector |
| 11:52 | Wisp |
| 11:52 | Wisp |
| 11:53 | Wisp |
| 12:14 | Wisp |
| 12:14 | Wisp |
| 12:14 | Wisp |
| 12:14 | Wisp |
| 12:15 | Wisp |
| 12:18 | Ancient Protector |
| 12:19 | Ancient Protector |
| 12:19 | Wisp |
| 12:20 | Wisp |
| 12:27 | Pocket Factory |
| 12:48 | Ancient Protector |
| 12:51 | Ancient Protector |
| 12:51 | Wisp |
| 12:51 | Wisp |
| 13:04 | Wisp |
| 13:35 | Wisp |
| 13:35 | Wisp |
| 13:40 | Ancient Protector |
| 13:41 | Hippogryph |
| 13:44 | Chimaera |
| 13:51 | Ancient Protector |
| 13:57 | Potion of Healing |
| 13:58 | Potion of Mana |
| 14:02 | Orb of Venom |
| 14:08 | Ancient of Wonders |
| 14:11 | Ancient Protector |
| 14:17 | Hippogryph |
| 14:33 | Wisp |
| 14:38 | Wisp |
| 14:42 | Ancient Protector |
| 14:44 | Ancient Protector |
| 14:44 | Wisp |
| 14:45 | Wisp |
| 14:50 | Ancient Protector |
| 15:17 | Hippogryph |
| 15:18 | Chimaera |
| 15:27 | Wisp |
| 15:52 | Wisp |
| 15:53 | Wisp |
| 15:53 | Wisp |
| 15:53 | Wisp |
| 16:02 | Ancient Protector |
| 16:04 | Ancient Protector |
| 16:05 | Ancient Protector |
| 16:43 | Ancient Protector |
| 16:46 | Ancient Protector |
| 16:50 | Wisp |
| 16:50 | Wisp |
| 16:52 | Ancient Protector |
| 16:59 | Wisp |
| 17:01 | Wisp |
| 17:01 | Wisp |
| 17:11 | Hippogryph |
| 17:14 | Ancient Protector |
| 17:15 | Ancient Protector |
| 17:16 | Ancient Protector |
| 17:18 | Ancient Protector |
| 17:19 | Wisp |
| 17:19 | Wisp |
| 17:19 | Wisp |
| 17:19 | Wisp |
| 17:31 | Ancient Protector |
| 17:34 | Tree of Life |
| 18:02 | Ancient Protector |
| 18:04 | Ancient Protector |
| 18:47 | Wisp |
| 18:47 | Wisp |
| 18:47 | Wisp |
| 18:55 | Ancient Protector |
| 18:56 | Ancient Protector |
| 18:59 | Ancient Protector |
| 19:00 | Ancient Protector |
| 19:02 | Ancient Protector |
| 19:03 | Wisp |
| 19:03 | Wisp |
| 19:03 | Wisp |
| 19:08 | Tree of Life |
| 20:11 | Ancient Protector |
| 20:12 | Ancient Protector |
| 20:14 | Ancient Protector |
| 20:15 | Wisp |
| 20:16 | Wisp |
| 20:16 | Wisp |
| 20:16 | Wisp |
| 20:26 | Ancient Protector |
| 20:27 | Ancient Protector |
| 20:51 | Ancient Protector |
| 21:05 | Wisp |
| 21:05 | Wisp |
| 21:05 | Wisp |
| 21:07 | Ancient Protector |
| 21:09 | Ancient Protector |
| 21:11 | Ancient Protector |
| 21:13 | Strength of the Wild |
| 21:22 | Ancient Protector |
| 21:27 | Wisp |
| 21:27 | Wisp |
| 21:27 | Wisp |
| 21:29 | Wisp |
| 21:49 | Robo-Goblin |
| 22:16 | Wisp |
| 22:16 | Wisp |
| 22:18 | Ancient Protector |
| 22:25 | Ancient Protector |
| 22:26 | Ancient Protector |
| 22:28 | Ancient Protector |
| 22:29 | Ancient Protector |
| 22:29 | Wisp |
| 22:30 | Wisp |
| 22:30 | Wisp |
| 22:37 | Wisp |
| 22:37 | Wisp |
| 22:38 | Ancient Protector |
| 23:09 | Ancient Protector |
| 23:11 | Ancient Protector |
| 23:12 | Wisp |
| 23:12 | Wisp |
| 23:14 | Ancient Protector |
| 23:16 | Ancient Protector |
| 23:20 | Tree of Life |
| 23:43 | Ancient Protector |
| 23:46 | Ancient Protector |
| 23:47 | Wisp |
| 23:47 | Wisp |
| 23:47 | Wisp |
| 23:47 | Wisp |
| 23:54 | Wisp |
| 23:55 | Wisp |
| 23:55 | Wisp |
| 23:56 | Ancient Protector |
| 23:58 | Ancient Protector |
| 24:08 | Wisp |
| 24:08 | Wisp |
| 24:15 | Ancient Protector |
| 24:17 | Ancient Protector |
| 24:20 | Ancient Protector |
| 24:23 | Ancient Protector |
| 24:29 | Wisp |
| 24:29 | Wisp |
| 25:15 | Potion of Healing |
| 25:19 | Ancient Protector |
| 25:22 | Ancient Protector |
| 25:24 | Ancient Protector |
| 25:28 | Ancient Protector |
| 25:33 | Wisp |
| 25:33 | Wisp |
| 25:33 | Wisp |
| 25:35 | Ancient Protector |
| 25:37 | Ancient Protector |
| 25:39 | Wisp |
| 25:39 | Wisp |
| 25:39 | Wisp |
| 25:50 | Ancient Protector |
| 25:54 | Wisp |
| 25:54 | Wisp |
| 25:54 | Wisp |
| 25:54 | Wisp |
| 25:55 | Wisp |
| 26:16 | Ancient Protector |
| 26:50 | Ancient Protector |
| 27:10 | Wisp |
| 27:11 | Wisp |
| 27:49 | Engineering Upgrade |
| 27:50 | Potion of Healing |
| 27:51 | Potion of Mana |
| 27:55 | Wisp |
| 27:55 | Wisp |
| 27:56 | Wisp |
| 27:56 | Wisp |
| 27:59 | Ancient Protector |
| 28:01 | Ancient Protector |
| 28:03 | Ancient Protector |
| 28:05 | Ancient Protector |
| 28:06 | Wisp |
| 28:06 | Wisp |
| 28:06 | Wisp |
| 28:07 | Reinforced Hides |
| 28:41 | Tree of Life |
| 28:42 | Hippogryph |
| 28:42 | Hippogryph |
| 28:42 | Hippogryph |
| 28:42 | Hippogryph |
| 28:43 | Hippogryph |
| 28:43 | Hippogryph |
| 28:56 | Ancient Protector |
| 29:07 | Wisp |
| 29:08 | Ancient Protector |
| 29:11 | Ancient Protector |
| 29:14 | Ancient Protector |
| 30:22 | Potion of Healing |
| 30:26 | Orb of Venom |
| 30:42 | Ancient Protector |
| 30:44 | Ancient Protector |
| 31:53 | Tree of Life |
| 32:25 | Cluster Rockets |
| 32:51 | Chimaera |
| 33:13 | Wisp |
| 33:13 | Wisp |
| 33:13 | Wisp |
| 33:13 | Wisp |
| 33:15 | Wisp |
| 33:15 | Wisp |
| 33:16 | Wisp |
| 33:17 | Ancient Protector |
| 33:34 | Wisp |
| 33:34 | Wisp |
| 33:35 | Ancient Protector |
| 33:37 | Ancient Protector |
| 34:26 | Tree of Life |
| 34:29 | Chimaera |
| 34:40 | Ancient Protector |
| 34:41 | Ancient Protector |
| 34:54 | Ancient Protector |
| 34:57 | Chimaera |
| 34:59 | Improved Strength of the Wild |
| 35:24 | Wisp |
| 35:24 | Wisp |
| 35:38 | Tree of Life |
| 35:39 | Ancient Protector |
| 35:41 | Ancient Protector |
| 35:42 | Ancient Protector |
| 35:46 | Ancient Protector |
| 35:49 | Ancient Protector |
| 35:51 | Tree of Life |
| 36:18 | Improved Reinforced Hides |
| 36:36 | Ancient Protector |
| 36:38 | Ancient Protector |
| 36:39 | Ancient Protector |
| 36:45 | Chimaera |
| 37:11 | Chimaera |
| 37:45 | Chimaera |
| 38:53 | Wisp |
| 38:53 | Wisp |
| 38:53 | Wisp |
| 39:13 | Chimaera |
| 39:40 | Cluster Rockets |
| 39:51 | Chimaera |
| 40:15 | Chimaera |
| 42:44 | Chimaera |
| 43:35 | Hippogryph |
| 43:35 | Hippogryph |
| 43:35 | Hippogryph |
| 44:08 | Potion of Healing |
| 44:20 | Tree of Life |
| 45:20 | Hippogryph |
| 45:20 | Hippogryph |
| 47:45 | Ancient Protector |
| 48:53 | Cluster Rockets |
| 49:27 | Wisp |
| 49:27 | Wisp |
| 50:11 | Tree of Life |
| 50:53 | Tree of Life |
| 51:16 | Wisp |
| 51:16 | Wisp |
| 52:08 | Ancient Protector |
| 52:09 | Ancient Protector |
| 52:10 | Ancient Protector |
| 52:11 | Ancient Protector |
| 52:56 | Ancient Protector |
| 53:02 | Wisp |
| 53:02 | Wisp |
| 53:02 | Wisp |
| 53:02 | Wisp |
| 54:04 | Ancient of Lore |
| 54:34 | Wisp |
| 54:35 | Wisp |
| 54:48 | Ancient of Lore |
| 55:07 | Wisp |
| 55:43 | Wisp |
| 56:50 | Abolish Magic |
| 56:51 | Dryad |
| 57:29 | Dryad |
| 59:00 | Dryad |
| 59:18 | Potion of Healing |
| 59:21 | Potion of Mana |
| 59:44 | Dryad |
| 60:13 | Dryad |
| Right click | 4954 |
| Select | 1600 |
| Select group | 1563 |
| Use ability | 283 |
| Build/train/purchase | 271 |
| Misc. action | 132 |
| Chat | 100 |
| Assign group | 37 |
| Esc | 16 |
| Item give/drop | 8 |
45 units @ 7.3k
/ 1.2k
33 buildings @ 3.1k
/ 1.4k


| Potion of Healing | 2 | 300 |
| Potion of Mana | 1 | 200 |
| Orb of Fire | 2 | 650 |
| Periapt of Vitality | 1 | 325 |
| total: | 6 | 1475g |
| Peasant | 19 | 1425 | / | 0 |
| Footman | 3 | 405 | / | 0 |
| Rifleman | 3 | 615 | / | 90 |
| Priest | 4 | 540 | / | 40 |
| Knight | 5 | 1225 | / | 300 |
| Gryphon Rider | 11 | 3080 | / | 770 |
| total: | 45 | 7290g | / | 1200w |
| Scout Tower | 12 | 360 | / | 240 |
| Guard Tower | 5 | 350 | / | 250 |
| Altar of Kings | 1 | 180 | / | 50 |
| Barracks | 1 | 160 | / | 60 |
| Farm | 11 | 880 | / | 220 |
| Lumber Mill | 2 | 240 | / | 0 |
| Blacksmith | 1 | 140 | / | 60 |
| Arcane Vault | 1 | 130 | / | 30 |
| Town Hall | 2 | 770 | / | 410 |
| Arcane Sanctum | 1 | 150 | / | 140 |
| Gryphon Aviary | 1 | 140 | / | 150 |
| Keep | 1 | 320 | / | 210 |
| Castle | 1 | 360 | / | 210 |
| total: | 33 | 3150g | / | 1360w |
| 0:17 | Peasant |
| 0:26 | Altar of Kings |
| 0:35 | Barracks |
| 0:39 | Farm |
| 0:49 | Peasant |
| 0:49 | Peasant |
| 0:49 | Peasant |
| 0:49 | Peasant |
| 1:16 | Peasant |
| 1:16 | Peasant |
| 1:39 | Lumber Mill |
| 1:47 | Farm |
| 1:55 | Footman |
| 1:55 | Footman |
| 2:01 | Footman |
| 2:26 | Blacksmith |
| 2:54 | Summon Water Elemental |
| 3:10 | Peasant |
| 4:11 | Rifleman |
| 4:11 | Rifleman |
| 4:11 | Rifleman |
| 4:16 | Keep |
| 4:29 | Black Gunpowder |
| 4:39 | Iron Forged Swords |
| 5:03 | Farm |
| 5:44 | Brilliance Aura |
| 5:59 | Arcane Vault |
| 6:46 | Steel Forged Swords |
| 6:52 | Improved Lumber Harvesting |
| 7:04 | Arcane Sanctum |
| 7:14 | Gryphon Aviary |
| 8:15 | Farm |
| 8:39 | Potion of Healing |
| 8:39 | Potion of Mana |
| 8:46 | Farm |
| 8:51 | Castle |
| 9:08 | Farm |
| 10:04 | Priest |
| 10:05 | Priest Adept Training |
| 10:08 | Priest |
| 10:27 | Flame Strike |
| 11:37 | Periapt of Vitality |
| 11:49 | Summon Water Elemental |
| 11:53 | Knight |
| 11:53 | Knight |
| 11:55 | Animal War Training |
| 12:01 | Sundering Blades |
| 12:06 | Iron Plating |
| 12:11 | Gryphon Rider |
| 12:52 | Potion of Healing |
| 12:53 | Orb of Fire |
| 13:01 | Storm Hammers |
| 13:41 | Scout Tower |
| 13:45 | Scout Tower |
| 13:55 | Farm |
| 14:00 | Farm |
| 14:18 | Guard Tower |
| 14:39 | Farm |
| 14:45 | Farm |
| 15:00 | Advanced Lumber Harvesting |
| 15:01 | Improved Masonry |
| 15:10 | Scout Tower |
| 16:04 | Banish |
| 16:21 | Guard Tower |
| 16:43 | Peasant |
| 16:43 | Peasant |
| 16:44 | Peasant |
| 16:44 | Peasant |
| 16:57 | Steel Plating |
| 17:28 | Gryphon Rider |
| 17:28 | Gryphon Rider |
| 17:29 | Gryphon Rider |
| 17:46 | Orb of Fire |
| 17:56 | Advanced Masonry |
| 18:07 | Lumber Mill |
| 18:15 | Knight |
| 18:15 | Knight |
| 18:30 | Knight |
| 19:17 | Peasant |
| 19:21 | Studded Leather Armor |
| 20:06 | Imbued Masonry |
| 22:31 | Peasant |
| 22:31 | Peasant |
| 22:31 | Peasant |
| 22:31 | Peasant |
| 22:31 | Peasant |
| 22:31 | Peasant |
| 22:44 | Mithril Forged Swords |
| 22:58 | Scout Tower |
| 23:04 | Scout Tower |
| 23:12 | Scout Tower |
| 23:22 | Scout Tower |
| 23:29 | Scout Tower |
| 23:37 | Scout Tower |
| 24:10 | Guard Tower |
| 24:23 | Gryphon Rider |
| 24:23 | Gryphon Rider |
| 24:23 | Gryphon Rider |
| 24:23 | Gryphon Rider |
| 25:15 | Scout Tower |
| 25:31 | Reinforced Leather Armor |
| 26:31 | Flame Strike |
| 26:48 | Brilliance Aura |
| 27:58 | Guard Tower |
| 28:03 | Magic Sentry |
| 28:13 | Priest |
| 28:13 | Priest |
| 28:22 | Gryphon Rider |
| 28:22 | Gryphon Rider |
| 28:22 | Gryphon Rider |
| 30:28 | Scout Tower |
| 30:31 | Farm |
| 30:35 | Scout Tower |
| 31:03 | Town Hall |
| 31:50 | Town Hall |
| 31:57 | Guard Tower |
| 32:12 | Banish |
| 32:46 | Summon Water Elemental |
| Right click | 864 |
| Select | 414 |
| Build/train/purchase | 103 |
| Misc. action | 67 |
| Chat | 33 |
| Use ability | 16 |
| Assign group | 3 |
| Remove unit | 3 |
| Select group | 2 |
| Item give/drop | 1 |
⇛